 Dungeon Crawl Stone Soup version 0.17.1-3-g152610e (webtiles) character file.

38 BopBopBop the Chiller (level 3, 0/19 HPs)
             Began as a Gargoyle Ice Elementalist on Apr 19, 2016.
             Was an Initiate of Okawaru.
             Slain by a worm (4 damage)
             ... on level 2 of the Dungeon.
             The game lasted 00:06:34 (1234 turns).

BopBopBop the Chiller (Gargoyle Ice Elementalist)   Turns: 1234, Time: 00:06:34

Health: 0/19       AC:  5    Str: 11    XL:     3   Next: 43%
Magic:  0/6        EV: 12    Int: 16    God:    Okawaru [......]
Gold:   87         SH:  0    Dex: 10    Spells: 2 memorised, 3 levels left

rFire  . . .     SeeInvis .     d - +0 dagger (vamp)
rCold  . . .     Clarity  .     a - +0 robe
rNeg   + . .     SustAt   +     (no shield)
rPois  ∞         Gourm    .     (no helmet)
rElec  +         Spirit   .     (no cloak)
rCorr  .         Warding  .     (no gloves)
rMut   .         Stasis   .     (no boots)
MR     .....                    (no amulet)
Stlth  ++........               (no ring)
                                k - ring of sustain attributes

@: not resistant to hostile enchantments, unstealthy
A: negative energy resistance 1, electricity resistance, unbreathing,
petrification resistance, rot immunity, AC +3
a: Renounce Religion


You were on level 2 of the Dungeon.
You worshipped Okawaru.
Okawaru was noncommittal.
You were hungry.

You visited 1 branch of the dungeon, and saw 2 of its levels.

You collected 87 gold pieces.

Inventory:

Hand Weapons
 d - a +0 vampiric dagger (weapon)
Armour
 a - a +0 robe (worn)
Jewellery
 k - a ring of sustain attributes (left hand)
Scrolls
 j - 2 scrolls of magic mapping {unknown}
Potions
 g - a potion of haste
 h - a potion of invisibility
Books
 b - a book of Frost

   Spells                             Type                      Level
   a - Freeze                         Ice                          1
   b - Throw Frost                    Conjuration/Ice              2
   c - Ozocubu's Armour               Charms/Ice                   3
   d - Throw Icicle                   Conjuration/Ice              4
   e - Summon Ice Beast               Ice/Summoning                4
   f - Condensation Shield            Ice                          4
Comestibles
 c - 2 bread rations
 f - a meat ration
 i - a beef jerky


   Skills:
 + Level 0.2 Fighting
 * Level 0.8 Short Blades
 + Level 2.4 Dodging
 + Level 2.3 Stealth
 + Level 2.0 Spellcasting
 + Level 1.1 Conjurations
 + Level 3.3 Ice Magic


You had 3 spell levels left.
You knew the following spells:

 Your Spells              Type           Power        Failure   Level  Hunger
a - Freeze                Ice            ##..         8%          1    #......
b - Throw Frost           Conj/Ice       #.....       14%         2    ###....


Dungeon Overview and Level Annotations

Branches:
Dungeon (2/15)

Altars:
Elyvilon
Okawaru


Innate Abilities, Weirdness & Mutations

You are resistant to torment.
Your stone body is resilient (AC +3).
You are immune to poison.
You resist negative energy.
You are resistant to electric shocks.
You can survive without breathing.
You are immune to petrification.
You are immune to rotting.


Message History

The worm is severely wounded.
Casting: Throw Frost
Confirm with . or Enter, or press ? or * to list all spells.
Aiming: Throw Frost
Press: ? - help, Shift-Dir - straight line, f/p - worm
Aim: a worm (severely wounded)
The puff of frost hits the worm.
The worm is almost dead.
The hobgoblin shouts!
The worm bites you.
* * * LOW HITPOINT WARNING * * *
Casting: Throw Frost
Confirm with . or Enter, or press ? or * to list all spells.
Aiming: Throw Frost
Press: ? - help, Shift-Dir - straight line, f/p - worm
Aim: a worm (almost dead)
The puff of frost hits the worm.
The worm is almost dead.
The worm bites you.
You die...

#..... #.#.. #.#.# #...
#.. # #.# ##..#
###.##......
####...@w..g.#
##......#####...
##...#...##
##...###...##
#...........#
#..#.).).#..###.
#.##.._..##....> ##.....
#..#.).).#...######.....
#............# #.......#


You could see a worm and a hobgoblin.

Vanquished Creatures
  2 giant geckos
  3 bats
  3 giant cockroaches (D:1)
  5 goblins
  5 hobgoblins
  6 jackals
  2 giant newts (D:1)
  3 kobolds
  3 rats
32 creatures vanquished.

Notes
Turn   | Place    | Note
--------------------------------------------------------------
     0 | D:1      | BopBopBop the Gargoyle Ice Elementalist began the quest for the Orb.
     0 | D:1      | Reached XP level 1. HP: 10/10 MP: 3/3
   171 | D:1      | Reached XP level 2. HP: 13/15 MP: 5/5
   689 | D:1      | Reached XP level 3. HP: 16/19 MP: 6/6
   694 | D:1      | Learned a level 2 spell: Throw Frost
   945 | D:2      | Found a white marble altar of Elyvilon.
  1197 | D:2      | Found an iron altar of Okawaru.
  1213 | D:2      | Became a worshipper of Warmaster Okawaru
  1234 | D:2      | Slain by a worm

Action                   || total
-------------------------++-------
Melee: Dagger            ||   225
       Unarmed           ||     1
 Cast: Freeze            ||     1
       Throw Frost       ||     8
  Use: Scroll            ||     5
 Stab: Sleeping          ||     1
  Eat: Bread ration      ||     1
       Beef jerky        ||     1
